 Dungeon Crawl Stone Soup version 0.28-a0-1182-g381e24db82 (webtiles) character file.

Game seed: 13467452956161506680

42 AarnesTheHuman the Chopper (level 3, -4/33 HPs)
             Began as a Minotaur Berserker on Dec 17, 2021.
             Was a Believer of Trog.
             Slain by Terence (6 damage)
             ... on level 2 of the Dungeon.
             The game lasted 00:01:44 (953 turns).

AarnesTheHuman the Chopper (Minotaur Berserker)      Turns: 953, Time: 00:01:45

Health: -4/33      AC:  7    Str: 23    XL:     3   Next: 35%
Magic:  2/2        EV:  5    Int:  4    God:    Trog [**....]
Gold:   34         SH: 10    Dex:  9    Spells: 2/2 levels left

rFire   . . .      SeeInvis .   a - +0 hand axe
rCold   . . .      Faith    .   g - +0 tower shield
rNeg    . . .      Spirit   .   d - +0 scale mail
rPois   .          Reflect  .   (helmet restricted)
rElec   .          Harm     .   h - +0 cloak
rCorr   .          Rampage  .   (no gloves)
Will    .....                   (no boots)
Stlth   ..........              (no amulet)
HPRegen 0.11/turn               (no ring)
MPRegen 0.08/turn               (no ring)

@: no status effects
A: horns 2, retaliatory headbutt
a: Renounce Religion, Berserk, Trog's Hand


You were on level 2 of the Dungeon.
You worshipped Trog.
Trog was pleased with you.
You visited 1 branch of the dungeon, and saw 2 of its levels.

You collected 34 gold pieces.

Inventory:

Hand Weapons
 a - a +0 hand axe (weapon)
Missiles
 f - 109 stones (quivered)
 l - 17 poisoned darts
Armour
 b - a +0 animal skin
 d - a +0 scale mail (worn)
 g - a +0 tower shield (worn)
 h - a +0 cloak (worn)
Scrolls
 c - a scroll of vulnerability {unknown}
 i - 2 scrolls of teleportation {unknown}
 m - 2 scrolls of identify {unknown}
 n - a scroll of fog {unknown}
Potions
 e - 2 potions of mutation {unknown}
 j - a potion of attraction {unknown}
 k - a potion of brilliance {unknown}
 o - a potion of might {unknown}


   Skills:
 + Level 4.1 Fighting
 * Level 4.3 Axes
 + Level 3.1 Armour
 - Level 2.1 Dodging
 + Level 1.0 Shields


You had 2 spell levels left.
You didn't know any spells.
Your spell library was empty.

Dungeon Overview and Level Annotations

Branches:
Dungeon (2/15)

Altars:

Annotations:
D:2 Terence


Innate Abilities, Weirdness & Mutations

You have a pair of horns on your head.
You reflexively headbutt those who attack you in melee.


Message History

Found a stone staircase leading down.
There is a stone staircase leading up here.
There is a stone staircase leading down here.
Found a dagger.
Found a stone staircase leading down.
A quokka comes into view.
A quokka is nearby!
The quokka bites you but does no damage.
You hit the quokka. Your headbutt misses the quokka.
The quokka is severely wounded.
You block the quokka's attack.
The quokka bites you but does no damage.
You hit the quokka.
You kill the quokka!
Trog accepts your kill.
No target in view!
You now have 22 gold pieces (gained 14).
You now have 34 gold pieces (gained 12).
Found a stone staircase leading down.
Terence the Incautious comes into view.
He is wielding a +1 trident of holy wrath and carrying a wand of flame (24).
Terence is nearby!
Terence zaps a wand.
The puff of flame hits you.
You closely miss Terence. You block Terence's attack.
Terence hits you with a +1 trident of holy wrath.
You closely miss Terence.
Terence zaps a wand.
The puff of flame hits you.
You hit Terence but do no damage. Terence closely misses you.
Terence zaps a wand.
The puff of flame hits you!
You are too injured to fight recklessly!
You are too injured to fight recklessly!
You barely miss Terence. Your headbutt misses Terence.
Terence looks scornfully at you.
Terence hits you with a +1 trident of holy wrath.
You hit Terence but do no damage. You block Terence's attack.
Terence screams, "I want your blood!"
Terence zaps a wand.
The puff of flame hits you!
* * * LOW HITPOINT WARNING * * *
You slash Terence!
Terence is moderately wounded.
Terence hits you with a +1 trident of holy wrath.
You die...

####### #......
#.####. #.# #. #.# #.
# # #.# #.
######.#####.##.####.
#...@@.....#.........
#.####.###.####.#####
#.# # #>..........
#.# #.####.#.##.
####.# #.#.##.
#....#### .# #......
#.>..##..
#......).##.
#...###.#
#.#########. ##.##
#.# #.# #.......


You could see Terence.

Vanquished Creatures
  An adder (D:2)
  A worm (D:2)
  A dart slug (D:1)
  2 ball pythons (D:1)
  An endoplasm (D:1)
  A giant cockroach (D:1)
  2 hobgoblins (D:1)
  4 quokkas
  7 goblins
  3 kobolds
  4 rats
27 creatures vanquished.

Notes
Turn   | Place    | Note
-------+----------+-------------------------------------------
     0 | D:1      | AarnesTheHuman the Minotaur Berserker began the quest for
                  | the Orb.
     0 | D:1      | Reached XP level 1. HP: 19/19 MP: 0/0
   146 | D:1      | Reached XP level 2. HP: 25/27 MP: 1/1
   282 | D:1      | Found a faded altar of an unknown god.
   645 | D:2      | Reached XP level 3. HP: 33/33 MP: 2/2
   691 | D:2      | Reached ** piety under Trog
   812 | D:2      | Reached skill level 1 in Shields
   944 | D:2      | Noticed Terence
   953 | D:2      | Slain by Terence

Illustrated notes

Levels and vault maps discovered:
D:1:      dpeg_arrival_tiny_k, layout_rooms, ebering_ecumenical_altar_webs
D:2:      minmay_wonky_spiral, layout_loops_ring, uniq_crazy_yiuf_cottage,
          uniq_terence

Skill      XL: |  1  2  3 |
---------------+----------+-----
Axes           | 4 |  4.3
Fighting       | 4 |  4.1
Armour         | 3 |  3.1
Shields        | 1 |  1.0
Dodging        | |  2.1

Action                   || total
-------------------------++-------
Melee: Hand axe          ||    65
       Headbutt          ||    11
Armor: Animal skin       ||     6
       Scale mail        ||    20
Dodge: Dodged            ||    24
Block: Tower shield      ||    15

Table legend: (Time is in decaauts)
 A = Elapsed time spent in this place.
 B = Non-inter-level travel time spent in this place.
 C = Inter-level travel time spent in this place.
 D = Time resting spent in this place.
 E = Time spent auto-exploring this place.
 F = Levels seen in this place.
 G = Mean time per level.
                   A        B        C        D        E       F      G
               +--------+--------+--------+--------+--------+-----+--------+
         Total |    983 |    962 |     21 |      0 |    700 |   2 |  491.5 |
       Dungeon |    983 |    962 |     21 |      0 |    700 |   2 |  491.5 |
               +--------+--------+--------+--------+--------+-----+--------+

Top non-repeatable levels by time:
     D:1: 598 daAuts
     D:2: 384 daAuts
